 Dungeon Crawl Stone Soup version 0.30.1-11-g7821555f0a (webtiles) character file.

Game seed: 2245419189389599805

36 comborobin the Sneak (level 3, 0/19 HPs)
             Began as a Spriggan Delver on Dec 4, 2023.
             Slain by a mummy (19 damage)
             ... in an ossuary.
             The game lasted 00:01:23 (348 turns).

comborobin the Sneak (Spriggan Delver)               Turns: 348, Time: 00:01:23

Health: 0/19       AC:  2    Str:  8    XL:     3   Next: 19%
Magic:  4/4        EV: 18    Int: 11    God:
Gold:   28         SH:  0    Dex: 18    Spells: 2/2 levels left

rFire   . . .        a - +0 short sword
rCold   . . .        (no shield)
rNeg    . . .        b - +0 robe
rPois   .            (helmet restricted)
rElec   .            (no cloak)
rCorr   .            (gloves unavailable)
SInv    +            (boots unavailable)
Will    .....        (no amulet)
Stlth   ++++         (no ring)
HPRegen 0.23/turn    (no ring)
MPRegen 0.09/turn

%: no passive effects
@: very quick
A: very small, no large weapons, unfitting armour, see invisible, speed 3
a: no special abilities


You were in an ossuary.
You visited 1 branch of the dungeon, and saw 2 of its levels.
You also visited: Ossuary.

You collected 28 gold pieces.

Inventory:

Hand Weapons
 a - a +0 short sword (weapon)
Armour
 b - a +0 robe (worn)
Wands
 g - a wand of digging (2)
Scrolls
 c - a scroll of fog
Potions
 d - 2 potions of attraction {unknown}
 e - a potion of resistance {unknown}
 f - a potion of curing {unknown}


   Skills:
 - Level 2.4 Fighting
 + Level 2.9 Short Blades
 + Level 3.6 Dodging
 + Level 7.8 Stealth


You had 2 spell levels left.
You didn't know any spells.
Your spell library was empty.

Dungeon Overview and Level Annotations

Branches:
Dungeon (5/15)            Ossuary (1/1)
 Temple: D:4-7

Altars:
Nemelex Xobeh
Vehumet

Annotations:
D:4 exclusion: statue, Edmund, Pikel


Innate Abilities, Weirdness & Mutations

You are very small and have problems with some larger weapons.
You are too small for most types of armour.
You have supernaturally acute eyesight. (SInv)
You cover ground extremely quickly. (Speed+++)


Message History

e - a sapphire potion No target in view!
There is an open door here.
You open the door.
There is an open door here.
f - a golden potion
There is an open door here.
You open the door.
A mummy comes into view.
Found a scroll labelled WESY ZUWOPS.
The mummy barely misses you.
There is an open door here.
You close the door.
A mummy opens the door.
You close the door.
There's nothing to close nearby.
There's nothing to close nearby.
There's nothing to close nearby.
There's nothing to close nearby.
There's nothing to close nearby.
There's nothing to close nearby.
There's nothing to close nearby.
A mummy opens the door.
A mummy is nearby!
You start waiting.
A mummy is nearby!
You closely miss the mummy. You punch the mummy.
The mummy is lightly damaged.
The mummy misses you.
You hit the mummy but do no damage. You punch the mummy, but do no damage.
The mummy is lightly damaged.
You completely miss the mummy.
The mummy is lightly damaged.
The mummy barely misses you.
You hit the mummy.
The mummy is moderately damaged.
You hit the mummy but do no damage.
The mummy is moderately damaged.
The mummy hits you!!
Ouch! That really hurt!
You die...

#############'''#######
#......................
#......................
#..###..###..###..###..
#..#.#..# #..# #..#
#..#'#..#+#..#+#..#+#..
#..#.#..#.#..#.#..#.#..
#......................
#.....@................
#..####M.....###......#
#..#M'...8...# #...8...
#..####......#+#......#
#............#.#.......
#......................
#..####.####.....####.#
#..# +..# +...8...+ #..
#..####.####.....####.#


You could see a mummy.

Vanquished Creatures
  A jelly (D:5)
  A gnoll zombie (Ossuary)
  A kobold (D:4)
  2 goblin zombies (Ossuary)
  3 hobgoblin zombies (Ossuary)
8 creatures vanquished.

Notes
Turn   | Place    | Note
-------+----------+-------------------------------------------
     0 | D:5      | comborobin the Spriggan Delver began the quest for the Orb.
     0 | D:5      | Reached XP level 1. HP: 11/11 MP: 2/2
     6 | D:5      | Noticed a jelly
    14 | D:5      | Noticed a scorpion
    15 | D:5      | Killed a jelly
    16 | D:5      | Reached XP level 2. HP: 16/16 MP: 3/3
    16 | D:5      | Reached XP level 3. HP: 19/19 MP: 4/4
    32 | D:4      | Found a radiant altar of Vehumet.
    32 | D:4      | Noticed a charred statue
    45 | D:4      | Noticed Pikel
    45 | D:4      | Noticed a lemure
    46 | D:4      | Noticed a lemure
    46 | D:4      | Noticed a lemure
    48 | D:4      | Noticed a lemure
    99 | D:4      | Noticed Edmund
   102 | D:4      | Found a sand-covered staircase.
   124 | D:4      | Found a sparkling altar of Nemelex Xobeh.
   141 | Ossuary  | Entered an ossuary
   141 | Ossuary  | Noticed a wraith
   141 | Ossuary  | Noticed a wraith
   141 | Ossuary  | Noticed a wraith
   348 | Ossuary  | Slain by a mummy

Illustrated notes

Levels and vault maps discovered:
D:4:      layout_loops_cross, vehumet_statue,
          mainiacjoe_overflow_six_doors_small,
          worldfamousw_hep_ancestral_shrine, portal_sewer_entry_e,
          nicolae_ossuary_entry_monument, lightli_minifort, uniq_robin,
          uniq_edmund, uniq_crazy_yiuf_cottage, uniq_natasha, uniq_pikel,
          uniq_eustachio
D:5:      layout_gridville, lightli_temple_of_fire,
          mainiacjoe_overflow_tiny_flanked
Ossuary:  ossuary_kennysheep_city_of_the_dead

Skill      XL: |  1 |
---------------+----+-----
Dodging        | 3 |  3.6
Fighting       | |  2.4
Short Blades   | |  2.9
Stealth        | |  7.8

Action                     || total
---------------------------++-------
  Melee: Short sword       ||    34
         Punch             ||     2
  Evoke: Wand              ||     1
    Use: Scroll            ||     2
         Potion            ||     2
   Stab: Sleeping          ||     2
         Fleeing           ||     1
 Armour: Robe              ||     4
  Dodge: Dodged            ||    11
